 Dungeon Crawl Stone Soup version 0.29-a0-892-g2c4c91d9db (webtiles) character file.

Game seed: 7839050988658917611

70 nightchill the Cutter (level 4, 0/29 HPs)
             Began as a Kobold Berserker on July 22, 2022.
             Was a Believer of Trog.
             Slain by an adder (1 damage)
             ... on level 3 of the Dungeon.
             The game lasted 00:07:00 (2595 turns).

nightchill the Cutter (Kobold Berserker)            Turns: 2595, Time: 00:07:01

Health: 0/29       AC:  2    Str: 16    XL:     4   Next: 45%
Magic:  4/4        EV: 14    Int:  8    God:    Trog [**....]
Gold:   126        SH:  0    Dex: 14    Spells: 3/3 levels left

rFire   + . .      SeeInvis .   a - +0 short sword
rCold   . . .      Faith    .   (no shield)
rNeg    . . .      Spirit   .   b - +0 animal skin
rPois   .          Reflect  .   (no helmet)
rElec   .          Harm     .   (no cloak)
rCorr   .          Rampage  .   (no gloves)
Will    .....                   (no boots)
Stlth   +++.......              (no amulet)
HPRegen 0.09/turn               j - ring of protection from fire
MPRegen 0.09/turn               (no ring)

@: on berserk cooldown, flying, slowed, invisible, very slow
A: small, no large weapons, nightstalker 3
a: Renounce Religion, Berserk, Trog's Hand


You were on level 3 of the Dungeon.
You worshipped Trog.
Trog was pleased with you.
You visited 1 branch of the dungeon, and saw 3 of its levels.

You collected 126 gold pieces.

Inventory:

Hand Weapons
 a - a +0 short sword (weapon)
 l - a +1 whip of holy wrath
Missiles
 e - 23 stones (quivered)
Armour
 b - a +0 animal skin (worn)
Jewellery
 j - a ring of protection from fire (left hand)
Scrolls
 c - 4 scrolls of teleportation {unknown}
 d - 3 scrolls of identify {unknown}
 g - a scroll of acquirement {unknown}
 k - a scroll of amnesia {unknown}
 n - a scroll of enchant armour {unknown}
 o - a scroll of fog {unknown}
Potions
 i - a potion of heal wounds {unknown}
 p - a potion of curing {unknown}


   Skills:
 + Level 3.9 Fighting
 * Level 5.9 Short Blades
 - Level 1.5 Armour
 - Level 2.4 Dodging
 - Level 1.0 Stealth


You had 3 spell levels left.
You didn't know any spells.
Your spell library was empty.

Dungeon Overview and Level Annotations

Branches:
Dungeon (3/15)

Altars:

Annotations:
D:1 exclusion: downstairs
D:2 1 runed translucent door, Crazy Yiuf


Innate Abilities, Weirdness & Mutations

You are small and have problems with some larger weapons.
You are completely attuned to the shadows.


Message History

You kill the goblin!
Trog accepts your kill.
You feel a strong urge to attack something.
You are no longer berserk.
You are exhausted.
You feel yourself slow down.
Items here: ))) = †.
Okay, then.
Okay, then.
You aren't carrying any items that you can evoke.
You hit the hobgoblin.
The hobgoblin is almost dead.
The goblin no longer looks unusually strong.
The hobgoblin no longer looks unusually strong.
You hit the hobgoblin.
You kill the hobgoblin!
Trog accepts your kill. The goblin barely misses you.
You closely miss the adder. The adder bites you but does no damage.
The goblin completely misses you. The adder barely misses you.
You miss the adder. The adder bites you.
* * * LOW HITPOINT WARNING * * *
The goblin hits you with a +0 club.
* * * LOW HITPOINT WARNING * * *
The adder bites you.
* * * LOW HITPOINT WARNING * * *
It was a potion of magic.
Magic courses through your body. The goblin hits you but does no damage.
The adder misses you. The goblin misses you. The adder barely misses you.
It was a potion of flight.
You feel very buoyant.
You fly up into the air.
The adder misses you. The goblin hits you with a +0 club.
* * * LOW HITPOINT WARNING * * *
The adder barely misses you.
It was a potion of invisibility.
You fade into invisibility!
The goblin closely misses you. The adder closely misses you.
The goblin closely misses you. The adder bites you.
You die...

#######
#######...#######
##...###...###...#
##....###...###....
##S@#..##.....##[.#.
#.g##..#...#...#..##
#.)###....###....###
#).###....###....###
#####))####...###...####
....)..#################
#.S...## # ..#..## ####


You could see an adder (unable to see you) and a goblin (unable to see you).

Vanquished Creatures
  Robin (D:3)
  2 worms (D:2)
  A bat (D:2)
  2 endoplasms (D:1)
  2 giant cockroaches
  9 hobgoblins
  4 jackals
  A quokka (D:2)
  4 ball pythons
  A frilled lizard (D:1)
  10 goblins
  6 kobolds
  4 rats
47 creatures vanquished.

Notes
Turn   | Place    | Note
-------+----------+-------------------------------------------
     0 | D:1      | nightchill the Kobold Berserker began the quest for the
                  | Orb.
     0 | D:1      | Reached XP level 1. HP: 14/14 MP: 1/1
   557 | D:1      | Reached XP level 2. HP: 19/19 MP: 2/2
  1242 | D:1      | Reached skill level 1 in Stealth
  1242 | D:1      | Reached XP level 3. HP: 23/23 MP: 3/3
  1382 | D:2      | Reached skill level 5 in Short Blades
  1444 | D:2      | Reached ** piety under Trog
  1945 | D:2      | Found a runed translucent door.
  1948 | D:2      | Noticed Crazy Yiuf
  2558 | D:3      | Noticed Robin
  2566 | D:3      | Reached XP level 4. HP: 29/29 MP: 4/4
  2582 | D:3      | Killed Robin
  2594 | D:3      | HP: 1/29 [goblin/+0 club[Robin] (2)]
  2595 | D:3      | Slain by an adder

Illustrated notes

Levels and vault maps discovered:
D:1:      ncdulo_lavacross, layout_loops_ring
D:2:      layout_loops_cross, uniq_crazy_yiuf_cottage
D:3:      layout_rooms, doesnt_xom_only_xom, lemuel_crystal_altar,
          jmf_multi_god_temple2, hangedman_glass_teeth, uniq_ijyb, uniq_robin

Skill      XL: |  1  2  3 |
---------------+----------+-----
Stealth        | 1 |  1.0
Short Blades   | 5 |  5.9
Fighting       | |  3.9
Armour         | |  1.5
Dodging        | |  2.4

Action                   |  1- 3 |  4- 6 || total
-------------------------+-------+-------++-------
Melee: Short sword       |   120 |    22 ||   142
       Punch             |       |     1 ||     1
Invok: Berserk           |     1 |       ||     1
       Trog's Hand       |     1 |       ||     1
  Use: Potion            |       |     3 ||     3
 Stab: Sleeping          |    15 |       ||    15
Armor: Animal skin       |    10 |     2 ||    12
Dodge: Dodged            |    71 |    14 ||    85

Table legend: (Time is in decaauts)
 A = Elapsed time spent in this place.
 B = Non-inter-level travel time spent in this place.
 C = Inter-level travel time spent in this place.
 D = Time resting spent in this place.
 E = Time spent auto-exploring this place.
 F = Levels seen in this place.
 G = Mean time per level.
                   A        B        C        D        E       F      G
               +--------+--------+--------+--------+--------+-----+--------+
         Total |   2570 |   2414 |    156 |    409 |   1469 |   3 |  856.7 |
       Dungeon |   2570 |   2414 |    156 |    409 |   1469 |   3 |  856.7 |
               +--------+--------+--------+--------+--------+-----+--------+

Top non-repeatable levels by time:
     D:1: 1288 daAuts
     D:2: 1199 daAuts
     D:3: 83 daAuts
